 Dungeon Crawl Stone Soup version 0.29-a0-732-g3d7fbe0af2 (webtiles) character file.

Game seed: 3837312391753199402

10397 blackman the Severer (level 11, 51/94 HPs)
             Began as a Hill Orc Monk on June 29, 2022.
             Was a High Priest of Beogh (penitent).
             Quit the game on level 12 of the Dungeon.
             The game lasted 01:00:04 (14174 turns).

blackman the Severer (Hill Orc Monk)               Turns: 14174, Time: 01:00:05

Health: 51/94      AC: 29    Str: 19    XL:     11   Next: 61%
Magic:  11/11      EV:  8    Int: 10    God:    Beogh [*****.]
Gold:   345        SH:  0    Dex: 13    Spells: 10/10 levels left

rFire   . . .      SeeInvis .   T - +0 battleaxe
rCold   . . .      Faith    +   (shield currently unavailable)
rNeg    . . .      Spirit   .   p - +18 Lear's hauberk
rPois   +          Reflect  .   (helmet currently unavailable)
rElec   .          Harm     .   j - +0 cloak
rCorr   +          Rampage  .   (gloves currently unavailable)
Will    .....                   (boots currently unavailable)
Stlth   ..........              I - amulet of faith
HPRegen 0.25/turn               u - ring of resist corrosion
MPRegen 0.12/turn               B - ring of poison resistance

@: no status effects
A: no striking features
a: Renounce Religion


You were on level 12 of the Dungeon.
You worshipped Beogh.
Beogh was demanding penance.
You visited 1 branch of the dungeon, and saw 12 of its levels.
You also visited: Ossuary.

You collected 609 gold pieces.
You spent 264 gold pieces at shops.

Inventory:

Hand Weapons
 a - a +0 hand axe
 H - a +0 war axe
 T - a +0 battleaxe (weapon)
Missiles
 h - 11 poisoned darts (quivered)
Armour
 j - a +0 cloak (worn)
 p - the +18 Lear's hauberk (worn)
   (You found it on level 2 of the Dungeon)
 C - a +2 pair of boots
 Z - a +0 plate armour
Jewellery
 d - a ring of fire
 k - a ring of protection from cold
 u - a ring of resist corrosion (left hand)
 B - a ring of poison resistance (right hand)
 D - a ring of positive energy
 I - an amulet of faith (around neck)
 J - a ring of willpower
 L - an amulet of the acrobat
 R - an amulet of reflection
Wands
 b - a wand of iceblast (6)
 m - a wand of mindburst (7)
 o - a wand of light (4)
 Q - a wand of digging (6)
 U - a wand of charming (6)
 V - a wand of flame (7)
Scrolls
 f - 5 scrolls of teleportation
 r - a scroll of brand weapon
 v - a scroll of fog
 w - 3 scrolls of enchant weapon
 x - 2 scrolls of immolation
 y - a scroll of summoning
 A - 3 scrolls of blinking
 E - 2 scrolls of poison
 F - 6 scrolls of enchant armour {unknown}
 N - 2 scrolls of fear
 O - 2 scrolls of amnesia {unknown}
 P - a scroll of vulnerability
 S - a scroll of identify
 X - a scroll of magic mapping {unknown}
Potions
 c - 2 potions of ambrosia
 e - 2 potions of degeneration
 g - 5 potions of lignification
 i - 3 potions of brilliance
 l - 2 potions of heal wounds {unknown}
 q - 6 potions of berserk rage {unknown}
 s - 2 potions of resistance {unknown}
 t - 2 potions of might
 z - 5 potions of curing {unknown}
 K - 2 potions of mutation {unknown}
 M - 2 potions of invisibility {unknown}
 W - a potion of magic {unknown}


   Skills:
 * Level 8.1 Fighting
 - Level 20.1 Axes
 * Level 6.4 Armour
 - Level 2.4 Dodging
 - Level 1.6 Stealth


You had 10 spell levels left.
You didn't know any spells.
Your spell library contained the following spells:

 Spells                   Type           Power      Damage    Failure   Level
 Magic Dart               Conj           0%         1d3       98%         1
 Searing Ray              Conj           0%         2d4       99%         2
 Call Canine Familiar     Summ           0%         N/A       100%        3
 Portal Projectile        Hex/Tloc       0%         N/A       100%        3
 Tukima's Dance           Hex            0%         N/A       100%        3
 Fulminant Prism          Conj/Hex       0%         3d6       100%        4
 Leda's Liquefaction      Hex/Erth       0%         N/A       100%        4
 Petrify                  Tmut/Erth      0%         N/A       100%        4
 Blade Hands              Tmut           0%         N/A       100%        5
 Metabolic Englaciation   Hex/Ice        0%         N/A       100%        5
 Statue Form              Tmut/Erth      0%         N/A       100%        6


Dungeon Overview and Level Annotations

Branches:
Dungeon (12/15)            Temple (0/1) D:6            Lair (0/6) D:10
Ossuary (visited)
    Orc: D:9-12

Altars:
Hepliaklqana
Nemelex Xobeh
Qazlal
Sif Muna
Uskayaw
Yredelemnul
Beogh

Shops:
D:5 **   D:7 !(=!

Annotations:
D:3 3 runed translucent doors, gobodom's ghost, novice GrGl
D:12 Kirke


Message History

You swap places.
Your orc goes into a battle-frenzy!
A blast of flame appears from out of your range of vision.
Something hits your orc.
A bolt of fire appears from out of your range of vision.
The hog bites your orc. The hog bites your orc!
Your orc dies!
The hog squeals angrily.
Your magical effects are unravelling.
You feel magically purged.
You feel less porcine.
Your +0 battleaxe unmelds from your body.
Your +0 cloak unmelds from your body.
The +18 Lear's hauberk unmelds from your body.
Your ring of resist corrosion unmelds from your body.
Your ring of poison resistance unmelds from your body.
Your orc wizard hits the two-headed ogre with a +0 dagger.
The hog bites you but does no damage.
The two-headed ogre hits you with a +0 giant club!!
The two-headed ogre hits you with a +0 giant spiked club.
You hear a bark! x2
Okay, then.
Unknown command.
Unknown command.
Unknown command.
Unknown command.
Unknown command.
Aiming: Bolt of Light
Press: ? - help, Shift-Dir - straight line, f/p - two-headed ogre
Aim: a two-headed ogre, wielding a +0 giant club and a +0 giant spiked club (lightly wounded, ally target, 86% to hit)
The bolt of light misses the two-headed ogre.
The bolt of light hits Bogric!
Bogric is lightly wounded.
Bogric is blinded.
You feel very guilty. "You will pay for your transgression, mortal!"
The hog bites you but does no damage. The hog closely misses you.
Your orc wizard casts a spell at the two-headed ogre.
The magic dart hits the two-headed ogre.
A hell hound comes into view.
Are you sure you want to abandon this character and quit the game? (Confirm with "yes".) ... ##... .. #..... oh..

#..... #.....
...... ##.......
......####........
.......#oo......#
.......@O.......#
.......hh.......#
.#.....)........#
##....>.()..##.
#...#.#...##
...#..#...)))#
#.........#....#
...#......#)......
..........##.)....


You could see Bogric the orc knight (strong, blind), a two-headed ogre (ally
target), 2 hogs, a hell hound and a friendly orc wizard (strong, invisible).

Vanquished Creatures
  2 cyclopes
  Maggie (D:6)
  2 trolls (D:11)
  Grinder (D:3)
  3 wyverns
  2 yaks (D:10)
  A hog (D:12)
  A steam dragon (D:6)
  Menkaure (D:4)
  A swamp worm (D:8)
  An acid dragon (D:9)
  2 water moccasins
  An orc warrior (D:9)
  4 sky beasts
  A hornet zombie (Ossuary)
  2 black bears
  2 ice beasts
  2 ogres
  4 centaurs
  A phantom (D:4)
  4 bullfrogs
  2 scorpions
  A necrophage (D:5)
  3 wyvern zombies (Ossuary)
  2 water moccasin zombies (Ossuary)
  20 wights (D:9)
  12 killer bees
  4 howler monkeys
  7 bullfrog zombies (Ossuary)
  2 hounds (D:5)
  3 orc priests
  A gnoll shaman (D:7)
  3 jellies
  Natasha (thrice) (D:4)
  2 iguanas
  12 mummies (Ossuary)
  3 orc wizards
  A killer bee zombie (Ossuary)
  3 howler monkey zombies (Ossuary)
  6 adders
  7 gnolls
  A shadow imp (D:6)
  3 white imps
  2 ufetubi
  2 worms (D:2)
  2 dart slugs
  15 orcs
  8 ball pythons
  3 bats (D:1)
  8 endoplasms
  6 giant cockroaches
  8 goblins
  4 hobgoblins
  4 jackals (D:2)
  4 kobolds
  7 quokkas
  8 frilled lizards
  6 rats
227 creatures vanquished.

Vanquished Creatures (collateral kills)
  A two-headed ogre (D:11)
  2 kobold demonologists (D:11)
  A troll (D:11)
  5 yaks
  A wyvern (D:11)
  4 hogs (D:12)
  A black bear (D:10)
  3 bullfrogs
  3 wights (D:9)
  A howler monkey (D:11)
  2 killer bees (D:8)
  2 orc wizards (D:9)
  An orc (D:9)
  A goblin (D:8)
  2 kobolds (D:11)
30 creatures vanquished.

Vanquished Creatures (others)
  2 orc knights (D:12)
  An orc warrior (D:11)
  An orc priest (D:12)
  An orc wizard (D:12)
  6 orcs
  7 demonic plants (D:8)
  13 fungi (D:10)
  31 plants
  7 withered plants (Ossuary)
69 creatures vanquished.

Grand Total: 326 creatures vanquished

Notes
Turn   | Place    | Note
-------+----------+-------------------------------------------
     0 | D:1      | blackman the Hill Orc Monk began the quest for the Orb.
     0 | D:1      | Reached XP level 1. HP: 19/19 MP: 1/1
   246 | D:1      | Reached XP level 2. HP: 13/27 MP: 2/2
   742 | D:1      | Reached skill level 5 in Axes
  1061 | D:1      | Reached XP level 3. HP: 29/33 MP: 3/3
  1876 | D:2      | Reached skill level 6 in Axes
  2114 | D:2      | Reached XP level 4. HP: 40/40 MP: 4/4
  2238 | D:2      | Found the +18 Lear's hauberk
  2572 | D:3      | Noticed Grinder
  2572 | D:3      | Paralysed by Grinder for 3 turns
  2586 | D:3      | Paralysed by Grinder for 5 turns
  2595 | D:3      | Killed Grinder
  2596 | D:3      | Reached skill level 8 in Axes
  2596 | D:3      | Reached XP level 5. HP: 28/46 MP: 5/5
  2596 | D:3      | Reached XP level 6. HP: 31/52 MP: 6/6
  2716 | D:3      | Found a runed translucent gate.
  2717 | D:3      | Found a runed translucent gate.
  2718 | D:3      | Found a runed translucent gate.
  2729 | D:3      | Noticed gobodom's ghost (novice GrGl)
  2730 | D:3      | Identified the +7 hand axe of the Building Visionary
                  | {vorpal, rF+ rC+}
  2730 | D:3      | Identified the +3 leather armour "Adghak" {Dex+3}
  2734 | D:3      | Found a roughly hewn altar of Beogh.
  2778 | D:3      | Found a faded altar of an unknown god.
  2838 | D:3      | Reached skill level 9 in Axes
  3177 | D:4      | Noticed Natasha
  3190 | D:4      | Killed Natasha
  3274 | D:4      | Noticed Natasha
  3292 | D:4      | Killed Natasha
  3348 | D:4      | Noticed Menkaure
  3348 | D:4      | Noticed Natasha
  3363 | D:4      | Killed Menkaure
  3364 | D:4      | Reached skill level 10 in Axes
  3364 | D:4      | Reached XP level 7. HP: 24/58 MP: 7/7
  3373 | D:4      | Killed Natasha
  3974 | D:5      | Entered Level 5 of the Dungeon
  4066 | D:5      | Reached skill level 11 in Axes
  4300 | D:5      | Found Nirchoosh's Assorted Antiques.
  4497 | D:5      | Reached skill level 12 in Axes
  4497 | D:5      | Reached XP level 8. HP: 57/66 MP: 8/8
  4908 | D:5      | Found Mucvi's Assorted Antiques.
  5015 | D:6      | Found a stormy altar of Qazlal.
  5025 | D:6      | Reached skill level 13 in Axes
  5547 | D:6      | Became a worshipper of Beogh the Brigand
  5547 | D:6      | Reached * piety under Beogh
  5547 | D:6      | Reached ** piety under Beogh
  5793 | D:6      | Found a staircase to the Ecumenical Temple.
  5840 | D:6      | You fall into a shaft and drop 2 floors!
  5870 | D:8      | Reached skill level 14 in Axes
  6054 | D:8      | Reached XP level 9. HP: 57/71 MP: 9/9
  6127 | D:8      | Found a basalt altar of Yredelemnul.
  6180 | D:7      | Reached skill level 15 in Axes
  6572 | D:7      | Reached skill level 16 in Axes
  6740 | D:7      | Found Miatakhluha's Distillery.
  6740 | D:7      | Found Kucwamp's Jewellery Emporium.
  6780 | D:7      | Found Pioc Duit's Antique Weapon Shoppe.
  6780 | D:7      | Found a sand-covered staircase.
  6790 | Ossuary  | Entered an ossuary
  6841 | Ossuary  | Reached *** piety under Beogh
  6945 | Ossuary  | Reached skill level 17 in Axes
  7436 | Ossuary  | Reached XP level 10. HP: 78/78 MP: 10/10
  7555 | D:7      | Found Uwiegh's Distillery.
  7859 | D:6      | Noticed Maggie
  7870 | D:6      | Killed Maggie
  7871 | D:6      | Reached skill level 18 in Axes
  8478 | D:7      | Found Tobu's General Store.
  8703 | D:8      | Found a hazy altar of Hepliaklqana.
  8703 | D:8      | Found a shimmering blue altar of Sif Muna.
  8704 | D:8      | Found a hide-covered altar of Uskayaw.
  9288 | D:8      | Reached **** piety under Beogh
  9615 | D:9      | Reached skill level 19 in Axes
 10032 | D:5      | Bought a wand of light (5) for 264 gold pieces
 10190 | D:9      | Gained Bogric as an ally
 10191 | D:9      | Reached skill level 20 in Axes
 10318 | D:9      | Reached skill level 1 in Armour
 10321 | D:9      | Reached ***** piety under Beogh
 11025 | D:10     | Entered Level 10 of the Dungeon
 11136 | D:10     | Found a sparkling altar of Nemelex Xobeh.
 11358 | D:10     | Reached XP level 11. HP: 67/85 MP: 11/11
 11449 | D:10     | Reached skill level 5 in Fighting
 11631 | D:10     | Found a staircase to the Lair.
 11737 | D:10     | Noticed a cyclops
 11739 | D:10     | Killed a cyclops
 12155 | D:11     | Noticed a cyclops
 12162 | D:11     | Killed a cyclops
 12241 | D:11     | Noticed a two-headed ogre
 12264 | D:11     | Killed a two-headed ogre
 12265 | D:11     | Reached skill level 5 in Armour
 13165 | D:11     | Noticed a two-headed ogre
 13593 | D:11     | Gained Boghold as an ally
 14143 | D:12     | Noticed Kirke
 14153 | D:12     | Noticed a two-headed ogre
 14169 | D:12     | Your ally Boghold died
 14173 | D:12     | Was placed under penance by Beogh
 14174 | D:12     | Quit the game

Illustrated notes

Levels and vault maps discovered:
D:1:      dpeg_arrival_stonehenge_8_columns, layout_basic
D:2:      layout_basic
D:3:      layout_rooms, ebering_ecumenical_altar_mist,
          biasface_ghost_orc_armoury, solitary_fountain, uniq_grinder
D:4:      layout_rooms, uniq_natasha, uniq_menkaure
D:5:      layout_loops_cross, serial_shops, kennysheep_little_box,
          nicolae_shop_overgrown_old_shop
D:6:      layout_gridville, grunt_qazlal_sundering,
          minmay_temple_entry_glassed_door, minmay_lizard_king, uniq_maggie
D:7:      layout_basic, nicolae_ossuary_entry_ruins, serial_shops,
          nicolae_square_shop, shop, nicolae_stop_n_shop_2, shop_statue, shop
D:8:      layout_loops_ring, nicolae_overflow_hidden_temple, serial_demonic,
          serial_demonic_g, serial_demonic_g, serial_demonic_e,
          serial_demonic_b, enter_bailey_3, hangedman_abyss_or_decor_stagger,
          worms_lemuel
D:9:      layout_loops_ring, chequers_mini_garden, glass_columns_a
D:10:     layout_roguey, mainiacjoe_overflow_six_doors_small,
          grunt_lair_entry_orc_guard_hut, minmay_microvault
D:11:     layout_small_grid
D:12:     layout_cave_pools, david_orc_2, minmay_radiant, uniq_azrael,
          uniq_kirke

Skill      XL: |  1  2  3  4  5  6  7  8  9 10 11 |
---------------+----------------------------------+-----
Axes           | 5 6 8 10 12 14 17 20 | 20.1
Fighting       | 4 8 |  8.1
Armour         | 2 6 |  6.4
Dodging        | |  2.4
Stealth        | |  1.6

Action                   |  1- 3 |  4- 6 |  7- 9 | 10-12 || total
-------------------------+-------+-------+-------+-------++-------
Melee: Hand axe          |   100 |   142 |   454 |       ||   696
       Punch             |       |     1 |     5 |     2 ||     8
       War axe           |       |       |   161 |   234 ||   395
       Battleaxe         |       |       |       |   119 ||   119
       Unarmed           |       |       |       |     3 ||     3
Throw: Dart              |       |       |     1 |     2 ||     3
       Throwing net      |       |       |       |     3 ||     3
Invok: Convert to Beogh  |       |       |     1 |       ||     1
       Give Item to Name |       |       |       |     2 ||     2
       Recall Orcish Fol |       |       |       |     1 ||     1
Evoke: Wand              |       |     2 |       |     3 ||     5
  Use: Scroll            |       |     2 |     8 |     7 ||    17
       Potion            |       |       |       |     2 ||     2
 Stab: Sleeping          |     3 |       |       |       ||     3
       Invisible         |       |     1 |       |     2 ||     3
       Distracted        |       |       |       |     1 ||     1
Armor: Robe              |    20 |       |       |       ||    20
       Plate armour      |    16 |     6 |       |       ||    22
       Chain mail        |       |    62 |   338 |   242 ||   642
Dodge: Dodged            |    57 |    44 |   187 |   137 ||   425
Block: Other             |       |       |       |    11 ||    11

Table legend: (Time is in decaauts)
 A = Elapsed time spent in this place.
 B = Non-inter-level travel time spent in this place.
 C = Inter-level travel time spent in this place.
 D = Time resting spent in this place.
 E = Time spent auto-exploring this place.
 F = Levels seen in this place.
 G = Mean time per level.
                   A        B        C        D        E       F      G
               +--------+--------+--------+--------+--------+-----+--------+
         Total |  13907 |  13078 |    829 |   2361 |   8707 |  13 | 1069.8 |
       Dungeon |  13179 |  12350 |    829 |   2258 |   8321 |  12 | 1098.2 |
       Ossuary |    728 |    728 |      0 |    103 |    385 |   1 |  728.0 |
               +--------+--------+--------+--------+--------+-----+--------+

Top non-repeatable levels by time:
    D:11: 1698 daAuts
     D:1: 1657 daAuts
     D:9: 1461 daAuts
     D:5: 1417 daAuts
    D:10: 1386 daAuts
     D:8: 1161 daAuts
     D:6: 1037 daAuts
     D:7: 1034 daAuts
     D:4: 875 daAuts
     D:2: 817 daAuts
 Ossuary: 728 daAuts
     D:3: 604 daAuts
    D:12: 29 daAuts
